 Dungeon Crawl Stone Soup version 0.27-a0-3-gcf006a40f5 (webtiles) character file.

Game seed: 14855164536298991052

272 quinnr the Cudgeller (level 6, -3/44 HPs)
             Began as a Demonspawn Gladiator on Jan 1, 2021.
             Slain by an orc
             ... wielding a +0 flail
              (6 damage)
             ... on level 3 of the Dungeon.
             The game lasted 00:07:51 (3066 turns).

quinnr the Cudgeller (Demonspawn Gladiator)         Turns: 3066, Time: 00:07:51

Health: -3/44      AC:  4    Str: 16    XL:     6   Next: 2%
Magic:  6/6        EV: 13    Int:  9    God:
Gold:   144        SH:  0    Dex: 15    Spells: 5/5 levels left

rFire    . . .     SeeInvis .   a - +0 flail
rCold    . . .     Faith    .   (no shield)
rNeg     . . .     Spirit   .   f - +0 leather armour {rPois}
rPois    +         Reflect  .   c - +0 helmet
rElec    .         Harm     .   (no cloak)
rCorr    .         Rampage  .   (no gloves)
Will     .....                  (no boots)
Stlth    +.........             (no amulet)
HPRegen  0.14/turn              o - ring of flight
MPRegen  0.10/turn              (no ring)

@: no status effects
A: talons 1, powered by pain 1, miasma immunity
a: Evoke Flight


You were on level 3 of the Dungeon.
You visited 1 branch of the dungeon, and saw 3 of its levels.

You collected 144 gold pieces.

Inventory:

Hand Weapons
 a - a +0 flail (weapon)
Missiles
 d - 2 throwing nets
 r - 117 stones (quivered)
Armour
 b - a +0 leather armour
 c - a +0 helmet (worn)
 f - a +0 leather armour of poison resistance (worn)
Jewellery
 o - a ring of flight (left hand)
Wands
 t - a wand of polymorph (8)
Scrolls
 j - a scroll of fog {unknown}
 l - a scroll of remove curse
 n - a scroll of noise
Potions
 e - a potion of magic {unknown}
 g - a potion of invisibility {unknown}
 h - a potion of berserk rage
 i - 2 potions of curing
 k - a potion of lignification {unknown}
 m - 3 potions of brilliance
 p - a potion of flight {unknown}
 q - 2 potions of mutation
 s - a potion of cancellation {unknown}


   Skills:
 - Level 2.0 Fighting
 + Level 6.2 Maces & Flails
 - Level 1.7 Throwing
 - Level 2.6 Dodging


You had 5 spell levels left.
You didn't know any spells.
Your spell library was empty.

Dungeon Overview and Level Annotations

Branches:
Dungeon (3/15)

Altars:
Trog
Uskayaw


Innate Abilities, Weirdness & Mutations

You have sharp toenails.
You sometimes gain a little power by taking damage.
You are immune to miasma.


Message History

The orc priest hits you but does no damage.
The ooze barely misses you.
You hit the orc priest. Your kick misses the orc priest.
The orc priest is moderately wounded.
The orc misses you. The orc barely misses you. The ooze closely misses you.
You closely miss the orc priest. You claw the orc priest.
The orc priest is heavily wounded.
The orc hits you with a cursed -1 whip. The orc priest hits you.
* * * LOW HITPOINT WARNING * * *
The orc hits you with a +2 dagger of venom.
* * * LOW HITPOINT WARNING * * *
The orc closely misses you. The ooze hits you.
* * * LOW HITPOINT WARNING * * *
The orc hits you with a cursed -1 whip.
* * * LOW HITPOINT WARNING * * *
You closely miss the orc priest. Your kick misses the orc priest.
The orc priest is heavily wounded.
The orc priest hits you but does no damage.
The orc closely misses you. The orc hits you with a +0 flail.
You die...

..........................##.#..#
#.#.............#####.#####......
..........#..#..## #..# .#.##.
.............##..###.# #.# .
.#.####...##.###.....## #
#.###...###..........##
.#......###............. #
#....†...#..###ooJ...# #
................@o.#. <.$
..............#o###..... .
...........##.!K.....###
...........###....##..#
...........###..#.....
#.........†.....####..
..........###...# .#
............#.### .
..............#


You could see an orc priest, an ooze, 3 orcs and a kobold.

Vanquished Creatures
  Sigmund (D:3)
  Ijyb (D:3)
  3 adders
  A white imp (D:3)
  An ooze (D:2)
  3 worms (D:2)
  4 dart slugs
  A leopard gecko (D:3)
  3 orcs (D:3)
  A giant cockroach (D:3)
  A goblin (D:1)
  3 hobgoblins
  3 kobolds
  7 bats
  A frilled lizard (D:2)
  3 rats
37 creatures vanquished.

Notes
Turn   | Place    | Note
-------+----------+-------------------------------------------
     0 | D:1      | quinnr the Demonspawn Gladiator began the quest for the
                  | Orb.
     0 | D:1      | Reached XP level 1. HP: 16/16 MP: 1/1
   181 | D:1      | Reached skill level 3 in Maces & Flails
   367 | D:1      | Gained mutation: You are immune to miasma. [demonic
                  | ancestry]
   367 | D:1      | Reached XP level 2. HP: 15/22 MP: 2/2
  1304 | D:2      | Reached XP level 3. HP: 19/27 MP: 3/3
  1497 | D:2      | Found a hide-covered altar of Uskayaw.
  1508 | D:2      | Reached skill level 4 in Maces & Flails
  2033 | D:2      | Found a bloodstained altar of Trog.
  2648 | D:3      | Noticed Sigmund
  2660 | D:3      | Killed Sigmund
  2661 | D:3      | Reached skill level 5 in Maces & Flails
  2661 | D:3      | Gained mutation: You sometimes gain a little power by
                  | taking damage. [demonic ancestry]
  2661 | D:3      | Reached XP level 4. HP: 24/33 MP: 4/4
  2661 | D:3      | Reached XP level 5. HP: 28/38 MP: 5/5
  2951 | D:3      | Reached skill level 6 in Maces & Flails
  2983 | D:3      | Noticed Ijyb
  3006 | D:3      | Killed Ijyb
  3007 | D:3      | Gained mutation: You have sharp toenails. [demonic
                  | ancestry]
  3007 | D:3      | Reached XP level 6. HP: 44/44 MP: 6/6
  3065 | D:3      | HP: 3/44 [orc/cursed -1 whip (2)]
  3066 | D:3      | Slain by an orc

Illustrated notes

Levels and vault maps discovered:
D:1:      dpeg_arrival_arbitrary_c, layout_loops_cross
D:2:      layout_loops_ring, eat_drink_and_be_merry_uskayaw, lemuel_doored_altar
D:3:      layout_rooms, nicolae_ru_path_of_blood, uniq_natasha, uniq_ijyb,
          uniq_sigmund

Skill      XL: |  1  2  3  4  5 |
---------------+----------------+-----
Maces & Flails | 3 5 6 |  6.2
Fighting       | |  2.0
Throwing       | |  1.7
Dodging        | |  2.6

Action                   |  1- 3 |  4- 6 || total
-------------------------+-------+-------++-------
Melee: Flail             |   101 |    54 ||   155
       Kick              |       |     4 ||     4
Throw: Throwing net      |       |     1 ||     1
  Use: Potion            |     3 |     1 ||     4
       Scroll            |     3 |       ||     3
 Stab: Sleeping          |     1 |       ||     1
Armor: Leather armour    |    33 |    19 ||    52
       Skin              |       |     3 ||     3
Dodge: Dodged            |    61 |    40 ||   101

Table legend: (Time is in decaauts)
 A = Elapsed time spent in this place.
 B = Non-inter-level travel time spent in this place.
 C = Inter-level travel time spent in this place.
 D = Time resting spent in this place.
 E = Time spent auto-exploring this place.
 F = Levels seen in this place.
 G = Mean time per level.
                   A        B        C        D        E       F      G
               +--------+--------+--------+--------+--------+-----+--------+
         Total |   3103 |   2969 |    134 |    778 |   1750 |   3 | 1034.3 |
       Dungeon |   3103 |   2969 |    134 |    778 |   1750 |   3 | 1034.3 |
               +--------+--------+--------+--------+--------+-----+--------+

Top non-repeatable levels by time:
     D:2: 1755 daAuts
     D:1: 1001 daAuts
     D:3: 345 daAuts
